 Dungeon Crawl Stone Soup version 0.27-a0-1324-ge0d8e047f6 (webtiles) character file.

Game seed: 12460909318513944404

32205 Nattfarinn the Warrior (level 14, -16/121 HPs)
             Began as a Djinni Fire Elementalist on June 23, 2021.
             Was a High Priest of Makhleb.
             Demolished by Rupert (24 damage)
             ... on level 3 of the Lair of Beasts.
             The game lasted 01:00:31 (27035 turns).

Nattfarinn the Warrior (Djinni Fire Elementalist)  Turns: 27035, Time: 01:00:32

Health: -16/121    AC: 12    Str:  7    XL:     14   Next: 1%
Gold:   670        EV: 17    Int: 26    God:    Makhleb [*****.] SH:  0 Dex: 14

rFire    + + .     SeeInvis .   b - +1 short sword (protect)
rCold    . . .     Faith    .   (no shield)
rNeg     . . .     Spirit   .   f - +5 robe "Ilierph" {rF+ Int+4 Stlth+}
rPois    ∞         Reflect  .   B - +2 hat
rElec    .         Harm     .   N - +2 cloak
rCorr    .         Rampage  .   (no gloves)
Will     +....                  (boots unavailable)
Stlth    +++.......             p - amulet of the acrobat
HPRegen  0.30/turn              d - ring of ice
MPRegen  0.00/turn              r - +4 ring of evasion

@: flying
A: sickness immunity, fire resistance 2, cold vulnerability 1, float, innate
caster, hp casting, extra vitality 1
a: Renounce Religion, Minor Destruction, Lesser Servant of Makhleb, Major
Destruction, Greater Servant of Makhleb


You were on level 3 of the Lair of Beasts.
You worshipped Makhleb.
Makhleb was extremely pleased with you.
You visited 3 branches of the dungeon, and saw 17 of its levels.
You also visited: Bailey.

You collected 860 gold pieces.
You spent 190 gold pieces at shops.

Inventory:

Hand Weapons
 b - a +1 short sword of protection (weapon)
Missiles
 i - 2 throwing nets
 z - 15 atropa-tipped darts
 Q - 7 curare-tipped darts
Armour
 f - the +5 robe "Ilierph" (worn) {rF+ Int+4 Stlth+}
   (You found it on level 7 of the Dungeon)

   It affects your intelligence (+4).
   It protects you from fire.
   It makes you more stealthy.
 B - a +2 hat (worn)
 N - a +2 cloak (worn)
 R - a +0 troll leather armour
Jewellery
 c - a ring of protection from fire
 d - a ring of ice (left hand)
 j - a ring of protection from fire
 p - an amulet of the acrobat (around neck)
 q - a ring of see invisible
 r - a +4 ring of evasion (right hand)
 T - a +4 ring of evasion
Wands
 t - a wand of acid (12)
 D - a wand of flame (29)
 L - a wand of iceblast (12)
 M - a wand of paralysis (11)
 V - a wand of digging (9)
Scrolls
 e - 2 scrolls of vulnerability
 h - 3 scrolls of torment
 l - a scroll of acquirement {unknown}
 m - 2 scrolls of fog
 n - 9 scrolls of teleportation
 o - a scroll of silence {unknown}
 s - 2 scrolls of summoning
 u - 4 scrolls of immolation
 y - a scroll of fear
 A - a scroll of holy word {unknown}
 E - a scroll of noise {unknown}
 I - a scroll of brand weapon {unknown}
 P - 2 scrolls of amnesia {unknown}
 W - a scroll of magic mapping
Potions
 g - 5 potions of berserk rage
 k - 4 potions of resistance
 v - 6 potions of heal wounds
 w - 4 potions of lignification
 x - a potion of attraction
 C - a potion of haste {unknown}
 F - 7 potions of mutation
 G - 3 potions of might
 H - a potion of experience {unknown}
 J - 4 potions of brilliance
 K - a potion of cancellation {unknown}
Miscellaneous
 O - a lightning rod (4/4)


   Skills:
 - Level 18.0 Fighting
 + Level 3.6 Dodging
 - Level 1.5 Stealth
 * Level 9.7 Spellcasting


You couldn't memorise any spells.
You knew the following spells:

 Your Spells              Type           Power      Damage    Failure   Level
a - Foxfire               Conj/Fire      100%       2x1d9     1%          1
b - Conjure Flame         Conj/Fire      58%        6-21      1%          3
c - Inner Flame           Hex/Fire       58%        N/A       1%          3
d - Sticky Flame          Conj/Fire      58%        2d7       1%          4
e - Fireball              Conj/Fire      29%        3d13      2%          5
f - Pain                  Necr           100%       1d9       1%          1
g - Passwall              Tmut/Erth      48%        N/A       1%          2
h - Swiftness             Air            58%        N/A       1%          3
i - Ignite Poison         Fire/Tmut/Pois 58%        N/A       1%          3
j - Silence               Hex/Air        29%        N/A       2%          5
k - Metabolic Englaciati  Hex/Ice        38%        N/A       2%          5
Your spell library was empty.

Dungeon Overview and Level Annotations

Branches:
Dungeon (13/15)            Temple (1/1) D:7            Lair (3/6) D:9
    Orc (0/2) D:12         Bailey (visited)
  Swamp: Lair:2-4    Shoals: Lair:2-4     Snake: Lair:2-4    Spider: Lair:2-4
 Vaults: D:13-14

Altars:
Ashenzari
Cheibriados
Dithmenos
Elyvilon
Fedhas
Hepliaklqana
Kikubaaqudgha
Makhleb
Nemelex Xobeh
Qazlal
Ru
Sif Muna
Trog
Uskayaw
Vehumet
Wu Jian
Xom
Yredelemnul
Zin
The Shining One

Shops:
D:4 *   D:6 !*?*(   D:8 =

Annotations:
D:11 2 runed translucent doors, Delamore's ghost, journeyman FoFi
Lair:2 2 transporters
Lair:3 Rupert


Innate Abilities, Weirdness & Mutations

You are immune to sickness and miasma.
You are immune to poison.
Your flesh is very heat resistant. (rF++)
You are vulnerable to cold. (rC-)
You float through the air rather than walking.
You learn spells naturally, not from books.
Your magical power is your life essence.
You have superior vitality. (+4 HP)


Message History

Aiming: Sticky Flame (mildly dangerous; 1% risk of failure)
Press: ? - help, Shift-Dir - straight line, f/p - Rupert
Aim: Rupert, wielding a +0 vorpal great mace and wearing a +0 ring mail (heavily wounded, covered in acid, 100% to hit)
The sticky flame hits Rupert!
Rupert is heavily wounded.
Rupert is covered in liquid flames!
Rupert burns!
Rupert hits you with a +0 vorpal great mace!!
Aiming: Corrosive Bolt
Press: ? - help, Shift-Dir - straight line, f/p - Rupert
Aim: Rupert, wielding a +0 vorpal great mace and wearing a +0 ring mail (severely wounded, covered in liquid flames, covered in acid, 83% to hit)
The bolt of acid misses Rupert.
Rupert burns!
The blink frog completely misses you. x2; The blink frog blinks!
Rupert roars madly and goes into a rage!
Rupert goes berserk!
Aiming: Corrosive Bolt
Press: ? - help, Shift-Dir - straight line, f/p - Rupert
Aim: Rupert, wielding a +0 vorpal great mace and wearing a +0 ring mail (severely wounded, berserk, covered in liquid flames, covered in acid, 83% to hit)
The bolt of acid hits Rupert!
Rupert is splashed with acid.
Rupert seems to be corroded for longer.
Rupert is severely wounded.
Rupert burns!
The blink frog barely misses you.
Rupert hits you with a +0 vorpal great mace!!
The blink frog hits you!
As you read the scroll of fear, it crumbles to dust.
You assume a fearsome visage.
The fungus is unaffected.
Rupert is unaffected.
The blink frog looks frightened! x2; Rupert burns!
Rupert hits you with a +0 vorpal great mace!
* * * LOW HITPOINT WARNING * * *
x2 The blink frog blinks! x3; Rupert barely misses you.
Okay, then.
Rupert burns!
The blink frog blinks!
Rupert rages.
The blink frog blinks!
A demon appears!
Rupert burns!
Rupert stops burning.
The blink frog blinks!
Rupert hits you with a +0 vorpal great mace!
* * * LOW HITPOINT WARNING * * *
x2 The blink frog blinks! x2
Rupert hits you with a +0 vorpal great mace!!
You die...

##............
#.............
##..P..........
..#.......†....
#......F......
#............
##.........§.#
#....4@.......
##....@......#
#....§......#
#.........§##
#.§.F.......#
#..........##
##.....)...#
###...#..##
########


You could see Rupert (berserk, corroded, ally target), 2 blink frogs and a
friendly orange demon (summoned).

Vanquished Creatures
  Gastronok (D:11)
  Harold (Lair:1)
  3 hydras
  3 two-headed ogres
  Sonja (Lair:1)
  An orc knight (Bailey)
  An oklob plant (Lair:1)
  4 elephants (Lair:1)
  An ugly thing (D:6)
  A cyclops (D:12)
  3 black mambas
  Maurice (D:9)
  A rime drake (Lair:3)
  9 cane toads
  2 kobold demonologists
  A komodo dragon (Lair:2)
  3 trolls
  9 slime creatures
  Grinder (D:6)
  A blink frog (Lair:3)
  Prince Ribbit (D:6)
  3 shadows
  25 yaks
  2 wyverns
  4 wraiths
  3 basilisks
  Grum (D:11)
  A steam dragon (D:7)
  3 wargs (D:9)
  Edmund (D:4)
  6 water moccasins
  3 ice beasts
  6 orc warriors
  A black bear (Lair:2)
  4 ogres
  2 necrophages
  A sky beast (D:6)
  17 wolves
  3 phantoms
  6 centaurs
  7 kobold brigands
  9 bullfrogs
  A gnoll sergeant (D:12)
  2 scorpions (D:6)
  A troll zombie (D:12)
  17 killer bees
  6 centaur zombies
  A bullfrog zombie (D:5)
  2 lava snakes (D:8)
  4 hounds
  8 orc priests
  6 jellies
  A centaur skeleton (D:7)
  6 gnoll shamans
  11 orc wizards
  Natasha (thrice) (D:3)
  An iguana (D:5)
  A killer bee zombie (D:9)
  7 ogre zombies (D:12)
  A hound skeleton (D:4)
  4 howler monkey zombies
  44 gnolls
  11 adders
  A shadow imp (D:8)
  A white imp (D:8)
  2 ufetubi (D:7)
  An adder zombie (D:5)
  2 worms
  5 dart slugs
  16 orcs
  7 ball pythons
  10 endoplasms
  11 giant cockroaches
  10 goblins
  17 hobgoblins
  11 jackals
  3 quokkas
  2 bats (D:1)
  5 frilled lizards
  2 goblin skeletons (D:12)
  4 goblin zombies (D:12)
  2 hobgoblin skeletons (D:12)
  3 hobgoblin zombies (D:12)
  32 kobolds
  3 orc skeletons (D:12)
  11 orc zombies (D:12)
  7 rats
  A spectral hobgoblin (D:10)
464 creatures vanquished.

Vanquished Creatures (others)
  1134 foxfires
  14 fungi
  18 plants
1166 creatures vanquished.

Grand Total: 1630 creatures vanquished

Notes
Turn   | Place    | Note
-------+----------+-------------------------------------------
     0 | D:1      | Nattfarinn the Djinni Fire Elementalist began the quest for
                  | the Orb.
     0 | D:1      | Reached XP level 1. HP: 15/15 MP: 0/0
     6 | D:1      | Found a runed translucent door.
   180 | D:1      | Reached skill level 1 in Fighting
   412 | D:1      | Reached XP level 2. HP: 22/22 MP: 0/0
   850 | D:1      | Reached XP level 3. HP: 26/28 MP: 0/0
   850 | D:1      | Learned a level 1 spell: Pain
   880 | D:1      | Reached skill level 2 in Fighting
  1555 | D:1      | Reached XP level 4. HP: 26/34 MP: 0/0
  2173 | D:1      | Reached skill level 3 in Fighting
  2750 | D:2      | Found a shimmering altar of Xom.
  2956 | D:2      | Reached XP level 5. HP: 36/40 MP: 0/0
  2956 | D:2      | Learned a level 2 spell: Passwall
  3910 | D:3      | Noticed Natasha
  3920 | D:3      | Killed Natasha
  3921 | D:3      | Reached skill level 4 in Fighting
  4061 | D:3      | Noticed Natasha
  4073 | D:3      | Killed Natasha
  4074 | D:3      | Reached XP level 6. HP: 36/47 MP: 0/0
  4092 | D:3      | Noticed Natasha
  4102 | D:3      | Killed Natasha
  5011 | D:4      | Reached skill level 5 in Fighting
  5319 | D:4      | Reached XP level 7. HP: 48/54 MP: 0/0
  5319 | D:4      | Learned a level 3 spell: Swiftness
  5937 | D:4      | Reached skill level 6 in Fighting
  6100 | D:4      | Found Lobiffen's Luxury Loot.
  6331 | D:4      | Noticed Edmund
  6345 | D:4      | Killed Edmund
  6676 | D:5      | Entered Level 5 of the Dungeon
  6705 | D:5      | Reached XP level 8. HP: 29/62 MP: 0/0
  7127 | D:5      | Reached skill level 7 in Fighting
  7972 | D:6      | Reached skill level 8 in Fighting
  7972 | D:6      | Reached skill level 5 in Spellcasting
  8112 | D:6      | Found Riphaij's Magic Scroll Boutique.
  8125 | D:6      | Bought a scroll of identify for 26 gold pieces
  8125 | D:6      | Bought a scroll of blinking for 97 gold pieces
  8125 | D:6      | Bought a scroll of teleportation for 39 gold pieces
  8189 | D:6      | Found Nawasil's General Store.
  8192 | D:6      | Bought a scroll of identify for 28 gold pieces
  8194 | D:6      | Found Qoyclur's Distillery.
  8195 | D:6      | Noticed Prince Ribbit
  8200 | D:6      | Killed Prince Ribbit
  8201 | D:6      | Reached XP level 9. HP: 63/71 MP: 0/0
  8201 | D:6      | Learned a level 3 spell: Ignite Poison
  8272 | D:6      | Found a blossoming altar of Fedhas.
  8291 | D:6      | Found Zin's Purification Station.
  8294 | D:6      | Found a glowing silver altar of Zin.
  8838 | D:6      | Noticed a cyan ugly thing
  8866 | D:6      | Killed a cyan ugly thing
  8867 | D:6      | Reached skill level 9 in Fighting
  9375 | D:6      | Noticed Grinder
  9376 | D:6      | Found Diriejig's Weapon Boutique.
  9380 | D:6      | Killed Grinder
  9973 | D:6      | Reached skill level 10 in Fighting
 10891 | D:7      | Found a flagged portal.
 10905 | Bailey   | Entered a bailey
 10916 | Bailey   | Reached XP level 10. HP: 64/81 MP: 0/0
 11728 | Bailey   | Noticed an orc knight
 11788 | Bailey   | Killed an orc knight
 11789 | Bailey   | Reached skill level 11 in Fighting
 12284 | D:7      | Identified the +5 robe "Ilierph" {rF+ Int+4 Stlth+}
 12351 | D:7      | Identified the +4 falchion of the Unstoppable Songs
                  | {vorpal, *Slow Str+6}
 12434 | D:7      | Found a staircase to the Ecumenical Temple.
 12440 | Temple   | Entered the Ecumenical Temple
 12534 | Temple   | Became a worshipper of Makhleb the Destroyer
 13314 | D:8      | Found Napur's Jewellery Shop.
 13840 | D:8      | Noticed a two-headed ogre
 13869 | D:8      | Reached skill level 12 in Fighting
 14113 | D:8      | Killed a two-headed ogre
 14114 | D:8      | Reached XP level 11. HP: 78/90 MP: 0/0
 14114 | D:8      | Learned a level 5 spell: Silence
 14639 | D:8      | Reached * piety under Makhleb
 15182 | D:8      | Reached skill level 13 in Fighting
 15662 | D:9      | Noticed a two-headed ogre
 15675 | D:9      | Killed a two-headed ogre
 15832 | D:9      | Noticed Maurice
 15839 | D:9      | Killed Maurice
 16730 | D:9      | Found a staircase to the Lair.
 16775 | D:9      | Reached ** piety under Makhleb
 17371 | D:10     | Entered Level 10 of the Dungeon
 17820 | D:10     | Reached skill level 14 in Fighting
 18085 | D:10     | Reached XP level 12. HP: 76/100 MP: 0/0
 18163 | D:10     | Reached *** piety under Makhleb
 18449 | D:10     | Found a shadowy altar of Dithmenos.
 19225 | D:10     | Found a hazy altar of Hepliaklqana.
 19474 | D:11     | Found a large runed translucent door.
 19474 | D:11     | Found a large runed translucent door.
 19474 | D:11     | Noticed Delamore's ghost (journeyman FoFi)
 19698 | D:11     | Noticed Gastronok
 19715 | D:11     | Reached skill level 15 in Fighting
 19984 | D:11     | Killed Gastronok
 20194 | D:11     | Noticed Grum
 20197 | D:11     | Killed Grum
 20197 | D:11     | Reached **** piety under Makhleb
 21020 | D:12     | Reached ***** piety under Makhleb
 21397 | D:12     | Noticed a two-headed ogre
 21407 | D:12     | Killed a two-headed ogre
 22254 | D:11     | Reached skill level 16 in Fighting
 22405 | D:12     | Found a staircase to the Orcish Mines.
 22419 | D:12     | Reached XP level 13. HP: 92/109 MP: 0/0
 22419 | D:12     | Learned a level 5 spell: Metabolic Englaciation
 22550 | D:12     | You are sucked into a shaft and drop 1 floor!
 23032 | Lair:1   | Entered Level 1 of the Lair of Beasts
 23882 | Lair:1   | Noticed Harold
 23889 | Lair:1   | Killed Harold
 24153 | Lair:1   | Reached skill level 17 in Fighting
 24244 | Lair:1   | Noticed Sonja
 24248 | Lair:1   | Killed Sonja
 25027 | Lair:2   | Noticed a seven-headed hydra
 25510 | Lair:2   | Noticed a six-headed hydra
 25512 | Lair:2   | Noticed a four-headed hydra
 25543 | Lair:1   | Killed a six-headed hydra
 25830 | Lair:1   | Killed a four-headed hydra
 25831 | Lair:1   | Reached skill level 18 in Fighting
 26046 | Lair:2   | Killed a seven-headed hydra
 26452 | Lair:2   | Found a transporter.
 26477 | Lair:2   | Found a transporter.
 26822 | Lair:3   | Reached XP level 14. HP: 76/121 MP: 0/0
 26823 | Lair:3   | Noticed Rupert
 27035 | Lair:3   | Demolished by Rupert

Illustrated notes

Levels and vault maps discovered:
D:1:      dpeg_arrival_caged_fury, layout_rooms, minmay_distorted
D:2:      layout_basic, basic_altar, palyth_stone_intersect, patterned_corridor
D:3:      layout_loops_ring, serial_bayou_crossing, uniq_natasha
D:4:      layout_rooms, chequers_serial_rivers_micro_a, minivault_27,
          nicolae_alphabet_shops, uniq_edmund
D:5:      layout_basic, minmay_misc_feat_diagonals
D:6:      layout_basic, zin_purify, kennysheep_mini, serial_shops,
          nicolae_shop_behind_doors, shop, nicolae_shop_crystal, shop,
          kennysheep_flooded_box, chequers_hall_statues_y, uniq_prince_ribbit1,
          uniq_grinder
D:7:      layout_basic, minmay_temple_entry_enclosed_plants, enter_bailey_8
D:8:      kennysheep_seaside_town, layout_gridville, serial_shops,
          nicolae_stop_n_shop_1, st_stairs_11, kennysheep_pointless_box
D:9:      layout_basic, erik_lair_orcish_takeover, uniq_maurice
D:10:     layout_cave_pools, vehumet_crystals, jmf_multi_god_temple,
          nicolae_hepliaklqana_monster_ancestors
D:11:     layout_basic, ebering_ghost_disaster_area, uniq_grum, uniq_gastronok
D:12:     layout_long_grid, zombieorc2_lemuel
D:13:     minmay_dotted_concentric_squares, layout_long_grid
Temple:   regret_index_temple_sphere_string
Lair:1:   layout_gridlike, minmay_lair_oklob_chamber, lemuel_fruit_tree,
          infiniplex_staircase_pool, grunt_megastairs_4, uniq_harold, uniq_sonja
Lair:2:   gammafunk_cloud_chamber, layout_chaotic_city
Lair:3:   layout_cave_pods, minmay_snake_entry_six_corridors, uniq_rupert

Skill      XL: |  1  2  3  4  5  6  7  8  9 10 11 12 13 |
---------------+----------------------------------------+-----
Fighting       | 1 2 3 4 5 6 8 10 12 14 16 18 | 18.0
Spellcasting   | 3 4 5 6 7 8 9 |  9.7
Dodging        | 3 |  3.6
Stealth        | |  1.5

Action                   |  1- 3 |  4- 6 |  7- 9 | 10-12 | 13-15 || total
-------------------------+-------+-------+-------+-------+-------++-------
Melee: Short sword       |     7 |    15 |    28 |    49 |    18 ||   117
       Unarmed           |     1 |       |       |       |       ||     1
Throw: Dart              |       |       |       |       |     2 ||     2
 Cast: Foxfire           |    78 |   214 |   211 |   202 |     1 ||   706
       Sticky Flame      |       |       |    23 |    69 |    35 ||   127
       Passwall          |       |       |     7 |     2 |       ||     9
       Fireball          |       |       |     6 |   228 |    98 ||   332
       Swiftness         |       |       |     3 |     1 |     1 ||     5
       Pain              |       |       |       |    10 |       ||    10
       Metabolic Englaci |       |       |       |       |    10 ||    10
Invok: Lesser Servant of |       |       |       |       |     1 ||     1
Evoke: Wand              |       |       |       |       |     5 ||     5
  Use: Potion            |       |     1 |     1 |       |     1 ||     3
       Scroll            |       |       |     9 |     8 |     4 ||    21
 Stab: Sleeping          |       |     2 |       |       |       ||     2
Armor: Robe              |     4 |    23 |    16 |    48 |    40 ||   131
Dodge: Dodged            |    22 |    85 |   100 |   178 |   123 ||   508

Table legend: (Time is in decaauts)
 A = Elapsed time spent in this place.
 B = Non-inter-level travel time spent in this place.
 C = Inter-level travel time spent in this place.
 D = Time resting spent in this place.
 E = Time spent auto-exploring this place.
 F = Levels seen in this place.
 G = Mean time per level.
                   A        B        C        D        E       F      G
               +--------+--------+--------+--------+--------+-----+--------+
         Total |  27064 |  26091 |    973 |   9490 |  13659 |  18 | 1503.6 |
       Dungeon |  22152 |  21482 |    670 |   7054 |  12052 |  13 | 1704.0 |
        Temple |    107 |     12 |     95 |      0 |      9 |   1 |  107.0 |
          Lair |   3559 |   3351 |    208 |   1553 |   1406 |   3 | 1186.3 |
        Bailey |   1245 |   1245 |      0 |    883 |    192 |   1 | 1245.0 |
               +--------+--------+--------+--------+--------+-----+--------+

Top non-repeatable levels by time:
     D:9: 3236 daAuts
     D:6: 2893 daAuts
  Lair:1: 2475 daAuts
     D:1: 2277 daAuts
     D:8: 2217 daAuts
    D:11: 2101 daAuts
     D:2: 1568 daAuts
     D:4: 1561 daAuts
    D:12: 1557 daAuts
     D:5: 1292 daAuts
     D:3: 1273 daAuts
  Bailey: 1245 daAuts
     D:7: 1103 daAuts
    D:10: 1046 daAuts
  Lair:2: 1035 daAuts
